 Dungeon Crawl Stone Soup version 0.29.1-14-g9c671dbff4 (webtiles) character file.

Game seed: 6025036137643757019

17 Heoruswealwe the Caller (level 2, -1/15 HPs)
             Began as a Deep Elf Summoner on Feb 16, 2023.
             Slain by a kobold
             ... wielding a +0 dagger
              (3 damage)
             ... on level 1 of the Dungeon.
             The game lasted 00:04:52 (443 turns).

Heoruswealwe the Caller (Deep Elf Summoner)          Turns: 443, Time: 00:04:53

Health: -1/15      AC:  2    Str:  5    XL:     2   Next: 44%
Magic:  6/8        EV: 12    Int: 19    God:
Gold:   51         SH:  0    Dex: 15    Spells: 6/7 levels left

rFire   . . .      SeeInvis .   d - +0 short sword
rCold   . . .      Faith    .   (no shield)
rNeg    . . .      Spirit   .   a - +0 robe
rPois   .          Reflect  .   (no helmet)
rElec   .          Harm     .   (no cloak)
rCorr   .          Rampage  .   (no gloves)
Will    .....                   (no boots)
Stlth   ++........              (no amulet)
HPRegen 0.05/turn               (no ring)
MPRegen 0.11/turn               (no ring)

@: no status effects
A: no striking features
a: no special abilities


You were on level 1 of the Dungeon.
You visited 1 branch of the dungeon, and saw 1 of its levels.

You collected 51 gold pieces.

Inventory:

Hand Weapons
 d - a +0 short sword (weapon)
 f - a +0 club
 g - a +0 short sword
 i - a +0 mace
 k - a +0 dagger
Missiles
 c - 10 stones
Armour
 a - a +0 robe (worn)
 h - a +0 ring mail
 j - a +0 ring mail
 l - a +0 scale mail
Potions
 b - a potion of magic
 e - 2 potions of heal wounds {unknown}
 m - a potion of curing {unknown}


   Skills:
 + Level 0.2 Fighting
 + Level 0.2 Long Blades
 + Level 2.5 Dodging
 + Level 2.4 Stealth
 * Level 3.0 Spellcasting
 + Level 0.3 Conjurations
 + Level 0.1 Hexes
 * Level 4.4 Summonings
 + Level 0.1 Necromancy
 + Level 0.2 Translocations
 + Level 0.2 Transmutations
 + Level 0.2 Fire Magic
 + Level 0.0 Ice Magic
 + Level 0.0 Air Magic
 + Level 0.3 Earth Magic
 + Level 0.0 Poison Magic
 + Level 0.3 Invocations
 + Level 0.3 Evocations


You had 6 spell levels left.
You knew the following spells:

 Your Spells              Type           Power      Damage    Failure   Level
a - Summon Small Mammal   Summ           76%        N/A       2%          1

Your spell library contained the following spells:

 Spells                   Type           Power      Damage    Failure   Level
 Call Imp                 Summ           19%        N/A       3%          2
 Call Canine Familiar     Summ           19%        N/A       8%          3
 Summon Guardian Golem    Hex/Summ       11%        N/A       19%         3
 Summon Lightning Spire   Summ/Air       11%        N/A       52%         4


Dungeon Overview and Level Annotations

Branches:
Dungeon (1/15)

Altars:


Message History

The kobold hits your quokka with a +0 dagger.
Your quokka closely misses the kobold.
The kobold hits your quokka with a +0 dagger.
Your quokka misses the kobold.
Your quokka closely misses the kobold.
The kobold barely misses your quokka.
Your quokka closely misses the kobold.
The kobold misses your quokka.
Your quokka closely misses the kobold.
The kobold hits your quokka with a +0 dagger.
Your quokka dies!
Your quokka's corpse disappears in a puff of smoke!
The kobold shouts!
Casting: Summon Small Mammal (safe; 2% risk of failure)
Confirm with . or Enter, or press ? or * to list all spells.
You hear an angry hiss.
A goblin comes into view. It is wielding a +0 dagger.
The kobold attacks as you move away! The kobold barely misses you.
A kobold comes into view. It is wielding a +0 short sword.
The kobold shouts!
Your rat bites the kobold.
You closely miss the kobold.
The kobold is heavily wounded.
The kobold closely misses you.
Your rat bites the kobold but does no damage.
You closely miss the kobold.
The kobold is heavily wounded.
The kobold hits you with a +0 dagger.
* * * LOW HITPOINT WARNING * * *
Your rat misses the kobold.
Your rat bites the kobold but does no damage.
The kobold throws a stone.
The stone hits your rat.
Casting: Summon Small Mammal (safe; 2% risk of failure)
Confirm with . or Enter, or press ? or * to list all spells.
The kobold closely misses you. The goblin closely misses your rat.
Your rat bites the kobold.
Your bat barely misses the goblin.
The goblin hits your rat with a +0 dagger.
Your rat dies!
Your rat's corpse disappears in a puff of smoke!
The kobold attacks as you move away! The kobold hits you with a +0 dagger.
You die...

♣.. .....K ~♣... ....
P~...##.. .~......####
P.....#....#############
........#..............# #.
####..#..#K.#######....# ..
.####.##..g..b#####.##### ...
..## ####.K@..........##
#..##.## ########.........##
#..##..# ...###...........#
#......### #...............#
.........#####...............#
............................##
#.##....#.#####.......†#...##
..####................######
....>#.###..........###


You could see a goblin (ally target), 2 kobolds and a friendly bat (summoned).

Vanquished Creatures
  A ball python (D:1)
  4 endoplasms (D:1)
  A kobold (D:1)
  2 rats (D:1)
8 creatures vanquished.

Vanquished Creatures (collateral kills)
  2 endoplasms (D:1)
  A giant cockroach (D:1)
  A ball python (D:1)
  2 frilled lizards (D:1)
  A kobold (D:1)
  2 rats (D:1)
9 creatures vanquished.

Grand Total: 17 creatures vanquished

Notes
Turn   | Place    | Note
-------+----------+-------------------------------------------
     0 | D:1      | Heoruswealwe the Deep Elf Summoner began the quest for the
                  | Orb.
     0 | D:1      | Reached XP level 1. HP: 10/10 MP: 6/6
   199 | D:1      | Reached XP level 2. HP: 14/15 MP: 8/8
   443 | D:1      | Slain by a kobold

Illustrated notes

Levels and vault maps discovered:
D:1:      wander_arrival_estate, layout_rooms,
          hellmonk_ecumenical_altar_run_dry, serial_bayou_pond_e,
          minmay_octomino_j4

Action                   || total
-------------------------++-------
Melee: Short sword       ||    22
       Punch             ||     1
 Cast: Summon Small Mamm ||     9
 Stab: Sleeping          ||     2
Armor: Robe              ||     4
Dodge: Dodged            ||    17
